Zazza, neutral female human Tourist ------ ----- |....| |...| |.``.----.`.| |..`........| |..--->---..| |---------.--- |..^^^<|.....| |..----|`....| --^| |*....| |^-----.....| |...........| |@?---------- ---- Zazza the Rambler Experience level: 2 Strength: 12 Dexterity: 9 Constitution: 18 Intelligence: 11 Wisdom: 9 Charisma: 17 Health: 24(24) Energy: 8(8) Def: 8 Gold: 949 Moves: 4017 Dungeon seed: k3eBNoW8yWuhjshB Game ID: Zazza_1619722749 Your Inventory: Coins $ - 949 gold pieces Amulets A - an uncursed amulet of ESP (being worn) Weapons a - 31 +2 darts p - a +0 javelin s - a +0 dagger (weapon in hand) x - a +0 orcish dagger z - a +0 sling M - a +0 crossbow P - 8 +0 darts V - a +0 axe Armor e - an uncursed +0 Hawaiian shirt (being worn) y - an uncursed +2 orcish helm (being worn) G - an uncursed +0 orcish helm N - an uncursed +0 elven mithril-coat (being worn) X - an uncursed +0 mummy wrapping Z - an uncursed +0 orcish shield Comestibles d - 4 uncursed eggs f - 6 uncursed food rations h - an uncursed lembas wafer o - 3 uncursed slime molds B - 3 uncursed tripe rations Scrolls k - a blessed scroll of enchant armor n - an uncursed scroll of remove curse t - an uncursed scroll of enchant armor v - a blessed scroll of remove curse E - 2 uncursed scrolls of enchant weapon J - 3 uncursed scrolls of blank paper S - an uncursed scroll of destroy armor Spellbooks K - an uncursed spellbook of sleep Potions b - an uncursed potion of water c - a cursed potion of fruit juice i - an uncursed potion of extra healing F - an uncursed potion of object detection I - an uncursed potion of paralysis O - an uncursed potion of enlightenment Rings g - an uncursed ring of teleportation (on left hand) j - an uncursed ring of searching D - an uncursed ring of see invisible T - an uncursed ring of cold resistance Wands q - a wand of sleep named 0 (0:-1) w - a wand of create monster named 0 (0:-1) H - a wand of create monster (0:15) W - a wand of cancellation (0:5) Tools l - an expensive camera (0:64) m - an uncursed credit card u - a bag of tricks (0:0) L - a +0 pick-axe R - an uncursed blindfold Gems r - 2 uncursed worthless pieces of yellowish brown glass U - an uncursed worthless piece of black glass Y - an uncursed worthless piece of blue glass Spells and supernatural/magical abilities: Name Level Category Fail Memory z - sleep 1 enchantment 100% 98% W - pray for help -- divine ? -- Your skills at the end: Fighting Skills Weapon Skills dart [Basic] Spellcasting Skills Final Attributes: You were nominally aligned. You were telepathic. You could teleport. You were fast. You were unlucky. You survived. Vanquished creatures: a dingo 3 rock moles a violet fungus a kobold mummy a red naga hatchling an elf zombie a straw golem a paper golem a floating eye a dwarf 2 kobold lords 5 rothes a rabid rat a centipede a giant bat 5 iguanas 6 killer bees an acid blob 5 coyotes 2 hobbits 3 manes 2 hobgoblins a cave spider a gnome 3 garter snakes a gecko 10 jackals 2 kobolds 2 goblins 3 sewer rats 4 lichens 2 kobold zombies 4 newts 79 creatures vanquished. Voluntary challenges: You used a wielded weapon 3 times, starting on turn 455. You read items or engraved 16 times, starting on turn 87. You never genocided any monsters. You never polymorphed an object. You never changed form. You used no wishes. You never split a pudding. You wrote Elbereth's name 9 times, starting on turn 167. You never violated your personal moral code. Dungeon overview: The Dungeons of Doom: levels 1 to 10 Level 1 a long staircase Level 2 Level 3 a fountain stairs to The Gnomish Mines Level 4 an altar to The Lady, a fountain Level 5 an altar to The Lady Level 6 an altar to Offler Level 7 Level 8 a delicatessen, a fountain Level 9 many fountains Level 10 stairs to Sokoban The Gnomish Mines: Level 4 stairs to The Dungeons of Doom Sokoban: Level 9 <- You were here stairs to The Dungeons of Doom History has recorded: On T:1 you entered the Dungeons of Doom to retrieve the Amulet of Yendor! On T:61 you reached level 2 of The Dungeons of Doom. On T:153 you reached level 3 of The Dungeons of Doom. On T:411 you reached level 1 of The Gnomish Mines. On T:435 you reached level 4 of The Dungeons of Doom. On T:720 you reached level 5 of The Dungeons of Doom. On T:1428 you reached level 6 of The Dungeons of Doom. On T:1966 you reached level 7 of The Dungeons of Doom. On T:2368 you reached level 8 of The Dungeons of Doom. On T:2830 you reached level 9 of The Dungeons of Doom. On T:3281 you reached level 10 of The Dungeons of Doom. On T:3879 you reached level 4 of Sokoban. On T:4015 you advanced to experience level 2. Score breakdown: Gold: 931 (10100 points) Experience: 2 levels ( 5570 points) Exploration: 10 levels ( 20.41%) (12990 points) Discoveries: 11 items ( 3.69%) ( 5763 points) Valuables value: (no points given unless you survive) Artifact value: 0 ( 0 points) Variety of kills: 33 monsters ( 8.66%) ( 8829 points) Turncount: 4017 turns (-1031 points) Survival: quit (score multiplied by 90%) Total score: 37998 Latest messages: Aloha Zazza, the human Tourist, welcome back to NetHack! The moon seems less notable tonight... Final status: Aloha Zazza the Tourist, quit... You quit in Sokoban on dungeon level 9 with 37998 points, and 949 pieces of gold, after 4017 moves. You were level 2 with a maximum of 24 hit points when you quit.